 Dungeon Crawl Stone Soup version 0.31.0-9-g3a7656b989 (webtiles) character file.

Game seed: 4329200377237057131

2343 GordonOverkill the Apothecary (level 9, -18/70 HPs)
             Began as a Demigod Gladiator on Jan 26, 2024.
             Demolished by a shadow (29 damage)
             ... on level 6 of the Dungeon.
             The game lasted 00:13:05 (7756 turns).

GordonOverkill the Apothecary (Demigod Gladiator)   Turns: 7756, Time: 00:13:06

Health: -18/70     AC:  7    Str: 15    XL:     9   Next: 0%
Magic:  9/20       EV: 12    Int: 28    God:
Gold:   273        SH:  0    Dex: 15    Spells: 13/18 levels left

rFire   . . .        w - +3 hand axe (venom)
rCold   . . .        (no shield)
rNeg    + . .        b - +0 leather armour
rPois   .            c - +2 helmet
rElec   .            (no cloak)
rCorr   .            (no gloves)
SInv    .            x - +0 pair of boots
Will    .....        (no amulet)
Stlth   +            q - +6 ring of intelligence
HPRegen 0.31/turn    s - ring of positive energy
MPRegen 0.17/turn

%: no passive effects
@: about to teleport
A: high MP 1, forlorn, divine attributes
a: no special abilities


You were on level 6 of the Dungeon.
You visited 1 branch of the dungeon, and saw 6 of its levels.

You collected 273 gold pieces.

Inventory:

Hand Weapons
 w - a +3 hand axe of venom (weapon)
Missiles
 d - 3 throwing nets (quivered)
 p - a javelin
 y - a curare-tipped dart
Armour
 b - a +0 leather armour (worn)
 c - a +2 helmet (worn)
 x - a +0 pair of boots (worn)
Jewellery
 q - a +6 ring of intelligence (left hand)
 s - a ring of positive energy (right hand)
Wands
 m - a wand of flame (18)
Scrolls
 a - a scroll of fog {unknown}
 g - a scroll of fear {unknown}
 l - a scroll of teleportation
 o - a scroll of immolation {unknown}
 B - a scroll of amnesia {unknown}
 D - a scroll of brand weapon {unknown}
Potions
 h - a potion of mutation
 j - 2 potions of invisibility
 k - a potion of resistance
 r - a potion of haste {unknown}
 v - 4 potions of curing {unknown}
 z - a potion of might
 A - a potion of cancellation
 C - a potion of lignification


   Skills:
 + Level 3.2 Fighting
 - Level 2.6 Axes
 - Level 1.7 Throwing
 - Level 2.6 Dodging
 - Level 5.0 Spellcasting
 - Level 5.0 Conjurations
 - Level 7.0 Alchemy
 - Level 3.0 Evocations


You had 13 spell levels left.
You knew the following spells:

 Your Spells              Type           Power      Damage    Failure   Level
a - Sting                 Conj/Alch      100%       1d9       1%          1
b - Olgreb's Toxic Radia  Alch           46%        N/A       4%          4

Your spell library contained the following spells:

 Spells                   Type           Power      Damage    Failure   Level
 Mercury Vapours          Alch/Air       52%        N/A       3%          2
 Freeze                   Ice            28%        1d5       9%          1
 Ensorcelled Hibernation  Hex/Ice        14%        N/A       12%         2
 Frozen Ramparts          Ice            14%        1d3       24%         3
 Gell's Gravitas          Tloc           7%         N/A       24%         3
 Ozocubu's Armour         Ice            7%         N/A       24%         3
 Teleport Other           Tloc           7%         N/A       24%         3
 Dispersal                Tloc           3%         N/A       100%        6


Dungeon Overview and Level Annotations

Branches:
Dungeon (6/15)             Temple (0/1) D:4

Shops:
D:1 [   D:4 !=[   D:6 [

Annotations:
D:6 Jeremiah


Innate Abilities, Weirdness & Mutations

You have an increased reservoir of magic. (+10% MP)
You shall have no god before yourself.
Your divine heritage dramatically boosts your attributes as you level up.


Message History

Unknown command.
Unknown command.
Unknown command.
Okay, then.
Aiming: Throw Flame
Press: ? - help, Shift-Dir - straight line, f/p - steam dragon
Aim: a steam dragon (severely wounded, extremely poisoned, catching its breath, 71% to hit)
The puff of flame hits the steam dragon.
The steam dragon is almost dead.
The steam dragon barely misses you. x2
Aiming: Throw Flame
Press: ? - help, Shift-Dir - straight line, f/p - steam dragon
Aim: a steam dragon (almost dead, very poisoned, catching its breath, 71% to hit)
The puff of flame hits the steam dragon.
You kill the steam dragon!
Training target 7.0 for Alchemy reached!
Your Alchemy skill increases to level 7!
You need to enable at least one skill for training.
You have reached level 9!
Your experience leads to a dramatic increase in your attributes!
Your base attributes are Str 15, Int 18, Dex 15.
Increase (S)trength, (I)ntelligence, or (D)exterity?
You feel clever. x4
You see here an iguana corpse.
You start resting.
A shadow comes into view.
A troll comes into view.
The troll shouts!
Found a radiant altar of Vehumet.
The shadow slips into darkness.
The shadow flickers and vanishes!
Deactivating autopickup; reactivate with Ctrl-A.
Found 11 gold pieces.
A hound comes into view.
The hound barks!
There is a radiant altar of Vehumet here.
As you read the scroll of teleportation, it crumbles to dust.
You feel strangely unstable.
The shadow strikes at you from the darkness!
You die...

........# ........##..# ##
.###
..#.....#...###.#####...#
..#....................#
..##.#....#............##
.....#...........#.#...$##
.#.............#.....#...#
#####..b.b.#.....#.#.....#
# .......#..#.@h....#..#
####.......#....#._.#....#
.........#.#..#.......#..#
...# ...#..#.....#.#.....#
...## ~####...#.....#...#
....# #.....#.#.....#
....# ..............#
∩...# ...............##
....# .....#####T....#


You could see a hound.

Vanquished Creatures
  A troll (D:5)
  Sigmund (D:4)
  A steam dragon (D:6)
  Menkaure (D:5)
  A sky beast (D:6)
  2 ice beasts
  A black bear (D:3)
  2 ogres
  A centaur (D:5)
  2 phantoms (D:5)
  A kobold brigand (D:4)
  A scorpion (D:5)
  5 killer bees (D:5)
  A howler monkey (D:5)
  A hound (D:5)
  An orc priest (D:3)
  A bombardier beetle (D:5)
  2 jellies (D:4)
  A sleepcap (D:5)
  Ijyb (D:4)
  3 iguanas
  6 adders
  3 gnolls (D:4)
  A shadow imp (D:6)
  2 white imps
  4 ufetubi
  A dart slug (D:1)
  7 ribbon worms
  9 orcs
  5 bats
  12 endoplasms
  8 giant cockroaches
  4 goblins
  11 hobgoblins
  2 jackals (D:2)
  26 kobolds
  4 quokkas
  9 ball pythons
  4 frilled lizards
  5 rats
154 creatures vanquished.

Notes
Turn   | Place    | Note
-------+----------+-------------------------------------------
     0 | D:1      | GordonOverkill the Demigod Gladiator began the quest for
                  | the Orb.
     0 | D:1      | Reached XP level 1. HP: 17/17 MP: 3/3
    90 | D:1      | Reached XP level 2. HP: 22/25 MP: 4/4
   190 | D:1      | Learned a level 1 spell: Sting
   500 | D:1      | Reached skill level 1 in Spellcasting
   547 | D:1      | Found Junwoaro's Antique Armour Emporium.
   562 | D:1      | Reached XP level 3. HP: 29/31 MP: 7/7
  2167 | D:3      | Reached skill level 1 in Conjurations
  2176 | D:3      | Reached skill level 1 in Alchemy
  2176 | D:3      | Reached XP level 4. HP: 38/38 MP: 3/9
  2811 | D:3      | Noticed a black bear
  2819 | D:3      | Killed a black bear
  2820 | D:3      | Reached skill level 2 in Alchemy
  2820 | D:3      | Reached XP level 5. HP: 42/45 MP: 2/10
  3661 | D:4      | Noticed Sigmund
  3761 | D:4      | Killed Sigmund
  3762 | D:4      | Reached skill level 3 in Alchemy
  3762 | D:4      | Reached XP level 6. HP: 22/51 MP: 0/13
  3869 | D:4      | Learned a level 4 spell: Olgreb's Toxic Radiance
  4029 | D:4      | Found a staircase to the Ecumenical Temple.
  4487 | D:4      | Found Azusu's Jewellery Shop.
  4488 | D:4      | Found Tilydef's Distillery.
  4489 | D:4      | Found Vaonel's Armour Shop.
  4866 | D:4      | Noticed Ijyb
  4878 | D:4      | Killed Ijyb
  4879 | D:4      | Reached XP level 7. HP: 38/57 MP: 10/14
  5608 | D:5      | Entered Level 5 of the Dungeon
  5614 | D:5      | Reached skill level 5 in Conjurations
  6059 | D:5      | Reached skill level 4 in Alchemy
  6148 | D:5      | Noticed Menkaure
  6330 | D:5      | Reached skill level 5 in Alchemy
  6340 | D:5      | Reached XP level 8. HP: 56/63 MP: 3/17
  6485 | D:5      | Killed Menkaure
  6541 | D:5      | Reached skill level 5 in Spellcasting
  6555 | D:5      | Reached skill level 1 in Evocations
  7207 | D:5      | Got the Codex of Frost
  7378 | D:6      | Found Jikomuxa's Armour Boutique.
  7383 | D:6      | Noticed a troll
  7402 | D:5      | Killed a troll
  7403 | D:5      | Reached skill level 6 in Alchemy
  7599 | D:6      | Noticed Jeremiah
  7729 | D:6      | HP: 2/63 [steam dragon (5)]
  7733 | D:6      | Reached skill level 7 in Alchemy
  7733 | D:6      | Reached XP level 9. HP: 4/70 MP: 5/20
  7756 | D:6      | Demolished by a shadow

Illustrated notes

Levels and vault maps discovered:
D:1:      scummos_arrival_star, layout_loops_ring, serial_shops, shop
D:2:      layout_basic, grunt_ministairs_8
D:3:      layout_loops_cross
D:4:      kennysheep_kobold_camp, layout_basic, minmay_temple_entry_wispy,
          nicolae_shop_distant_corner_stores, palyth_stone_intersect,
          nicolae_wormholes, uniq_ijyb, uniq_sigmund
D:5:      lemuel_ice_spiral_2, layout_rooms, okawaru_ov_weapons_minmay,
          corexii_corridor_pit, uniq_menkaure
D:6:      minmay_cornered_nines, layout_cave_pools, nicolae_vehumet_radiance,
          serial_shops, shop, portal_sewer_entry_f, serial_bayou_crossing,
          uniq_jeremiah

Skill      XL: |  1  2  3  4  5  6  7  8 |
---------------+-------------------------+-----
Fighting       | 2 3 |  3.2
Spellcasting   | 1 2 3 4 5 |  5.0
Conjurations   | 1 2 3 4 5 |  5.0
Alchemy        | 1 2 3 5 7 |  7.0
Evocations     | 3 |  3.0
Axes           | |  2.6
Throwing       | |  1.7
Dodging        | |  2.6

Action                     |  1- 3 |  4- 6 |  7- 9 || total
---------------------------+-------+-------+-------++-------
  Melee: War axe           |   120 |     9 |       ||   129
         Punch             |     1 |       |     2 ||     3
         Hand axe          |       |    43 |    55 ||    98
   Cast: Sting             |    15 |   129 |   188 ||   332
         Olgreb's Toxic Ra |       |       |     3 ||     3
  Evoke: Wand              |       |       |     7 ||     7
    Use: Scroll            |     4 |       |    13 ||    17
         Potion            |       |       |     1 ||     1
   Stab: Sleeping          |     2 |     1 |       ||     3
 Armour: Leather armour    |    78 |    84 |   140 ||   302
  Dodge: Dodged            |    96 |    68 |   156 ||   320
